 Dungeon Crawl Stone Soup version 0.31.0-11-ge490571c62 (webtiles) character file.

Game seed: 5297321581575761058

21 qw the Shooter (level 2, 0/14 HPs)
             Began as a Spriggan Hunter on Feb 3, 2024.
             Slain by Terence
             ... wielding a +0 mace
              (6 damage)
             ... on level 2 of the Dungeon.
             The game lasted 00:00:02 (746 turns).

qw the Shooter (Spriggan Hunter)                     Turns: 746, Time: 00:00:03

Health: 0/14       AC:  2    Str:  7    XL:     2   Next: 62%
Magic:  3/3        EV: 19    Int: 10    God:
Gold:   63         SH:  0    Dex: 18    Spells: 1/1 levels left

rFire   . . .        a - +0 shortbow
rCold   . . .        (shield currently unavailable)
rNeg    . . .        c - +0 robe
rPois   .            (helmet restricted)
rElec   .            (no cloak)
rCorr   .            (gloves unavailable)
SInv    +            (boots unavailable)
Will    .....        (no amulet)
Stlth   ++           (no ring)
HPRegen 0.22/turn    (no ring)
MPRegen 0.08/turn

%: no passive effects
@: very quick
A: very small, no large weapons, unfitting armour, see invisible, speed 3
a: no special abilities


You were on level 2 of the Dungeon.
You visited 1 branch of the dungeon, and saw 2 of its levels.

You collected 63 gold pieces.


Innate Abilities, Weirdness & Mutations

You are very small and have problems with some larger weapons.
You are too small for most types of armour.
You have supernaturally acute eyesight. (SInv)
You cover ground extremely quickly. (Speed+++)


   Skills:
 - Level 1.5 Fighting
 + Level 4.2 Ranged Weapons
 - Level 4.0 Dodging
 - Level 1.5 Stealth


You had one spell level left.
You didn't know any spells.
Your spell library was empty.

Inventory:

Hand Weapons
 a - a +0 shortbow (weapon)
Armour
 c - a +0 robe (worn)
Jewellery
 d - a +4 ring of protection
Potions
 b - a potion of degeneration {unknown}
 e - a potion of curing
 f - a potion of resistance {unknown}

Dungeon Overview and Level Annotations

Branches:
Dungeon (2/15)

Altars:

Shops:
D:1 =   D:2 (

Annotations:
D:2 Terence


Message History

You now have 39 gold pieces (gained 3).
You now have 53 gold pieces (gained 14).
There is a stone staircase leading down here.
Found a long sword.
You now have 63 gold pieces (gained 10).
Found a stone staircase leading up.
Enter note:
d - a +4 ring of protection
Found a stone staircase leading down.
A dart slug comes into view.
Found 11 gold pieces.
You shoot an arrow. The arrow hits the dart slug.
The dart slug is lightly wounded.
You hear a shout!
Terence the Incautious comes into view.
He is wielding a +0 mace.
You shoot an arrow.
Terence shouts!
The arrow hits the dart slug.
The dart slug is moderately wounded.
You shoot an arrow.
The arrow hits Terence but does no damage.
You shoot an arrow. The arrow hits Terence.
Terence is moderately wounded.
The dart slug launches a dart at you. The slug dart misses you.
Terence closely misses you.
You shoot an arrow. The arrow closely misses Terence.
Terence says, "Time to say good-bye..."
Terence closely misses you. The dart slug launches a dart at you.
The slug dart hits you.
You shoot an arrow.
The arrow hits Terence but does no damage.
Terence is moderately wounded.
Terence hits you with a +0 mace.
You shoot an arrow.
The arrow hits Terence but does no damage.
Terence is moderately wounded.
Terence hits you with a +0 mace.
You die...
Terence says, "Rest in peace."

... ......## $. +..
.... .#.#### ... +..
....##.#.#####
....#.. #....#
.#...... ...P#..
#..... #### P.#....
.. #######
.......####....
#......
.....w..@......
#.....# #..#@######
#......
#........#########.#
###.####........##.#
........#
###......##.#
#####+###
##.....##.#
#........#
#..#####.#
##...###.# ###...#..


You could see Terence and a dart slug.

Vanquished Creatures
  A dart slug (D:1)
  2 endoplasms (D:1)
  2 hobgoblins
  2 kobolds (D:1)
  A quokka (D:1)
  3 ball pythons
  4 bats (D:1)
  A frilled lizard (D:2)
  A rat (D:2)
17 creatures vanquished.

Notes
Turn   | Place    | Note
-------+----------+-------------------------------------------
     0 | D:1      | qw the Spriggan Hunter began the quest for the Orb.
     0 | D:1      | Reached XP level 1. HP: 10/10 MP: 2/2
     0 | D:1      | 0 ||| qw: Version: 0.3-a-155-g5e7d8dd
     0 | D:1      | 0 ||| qw: Game counter: 3282
     0 | D:1      | 0 ||| qw: Melee chars always use a shield: true
     0 | D:1      | 0 ||| qw: God list: Okawaru
     0 | D:1      | 0 ||| qw: Allow faded altars: false
     0 | D:1      | 0 ||| qw: Do Orc after clearing Dungeon:15 true
     0 | D:1      | 0 ||| qw: Do second Lair branch before Depths: true
     0 | D:1      | 0 ||| qw: Lair rune preference: random
     0 | D:1      | 0 ||| qw: Goals: Normal
     0 | D:1      | 0 ||| PLANNING D:1-11
    60 | D:1      | Reached skill level 3 in Dodging
   221 | D:1      | Reached XP level 2. HP: 14/14 MP: 3/3
   228 | D:1      | Found Ymnuil's Jewellery Shoppe.
   245 | D:1      | 245 ||| SHOPLISTING +6 ring of dexterity (468 gold, have
                  | 29).
   245 | D:1      | 245 ||| SHOPLISTING amulet of guardian spirit (390 gold,
                  | have 29).
   245 | D:1      | 245 ||| SHOPLISTING amulet of regeneration (390 gold, have
                  | 29).
   245 | D:1      | 245 ||| SHOPLISTING ring of fire (325 gold, have 29).
   475 | D:1      | 475 ||| READING scroll labelled ZIUZOR DIMUMP.
   476 | D:1      | 476 ||| READING scroll labelled DYVVEG KIABIE.
   476 | D:1      | 476 ||| IDENTIFYING puce potion
   477 | D:1      | 477 ||| READING scroll labelled DUHAAM DOUCSUN.
   478 | D:1      | 478 ||| READING scroll labelled TES ZYQEGRA.
   579 | D:1      | 579 ||| DROPPING scroll of butterflies.
   604 | D:2      | Found Evvesoss's Weapon Shop.
   740 | D:2      | Noticed Terence
   746 | D:2      | Slain by Terence

Levels and vault maps discovered:
D:1:      lemuel_arrival_funnel, layout_rooms, serial_shops, nicolae_shop_stone
D:2:      cheibrodos_old_hovel, layout_basic, serial_shops, nicolae_shop_trees,
          kennysheep_generic_room_11, uniq_terence

Skill      XL: |  1  2 |
---------------+-------+-----
Dodging        | 3 4 |  4.0
Fighting       | |  1.5
Ranged Weapons | |  4.2
Stealth        | |  1.5

Action                     || total
---------------------------++-------
   Fire: Shortbow          ||    53
    Use: Scroll            ||     4
 Armour: Robe              ||     3
  Dodge: Dodged            ||    13

Table legend:
 A = Non-vault XP
 B = Vault XP
 C = Vault XP percentage of total XP
 D = Non-vault monster count
 E = Vault monster count
 F = Vault count percentage of total count
                 A         B        C        D         E       F
            +---------+---------+-------+---------+---------+-------
      Total |      30 |       0 |   0.0 |      17 |       0 |   0.0
            +---------+---------+-------+---------+---------+-------
        D:1 |      24 |       0 |   0.0 |      13 |       0 |   0.0
        D:2 |       6 |       0 |   0.0 |       4 |       0 |   0.0
            +---------+---------+-------+---------+---------+-------
